 Dungeon Crawl Stone Soup version 0.26.1-11-gd32895ea62 (webtiles) character file.

Game seed: 21824220988062371

1845 Zeld the Carver (level 9, -6/61 HPs)
             Began as a Human Gladiator on June 5, 2021.
             Mangled by an orc warrior
             ... wielding a +0 long sword
              (17 damage)
             ... on level 7 of the Dungeon.
             The game lasted 00:08:54 (9955 turns).

Zeld the Carver (Human Gladiator)                   Turns: 9955, Time: 00:08:54

Health: -6/61      AC: 11    Str: 19    XL:     9   Next: 34%
Magic:  9/9        EV:  6    Int:  8    God:
Gold:   135        SH:  0    Dex: 14    Spells: 3/8 levels left

rFire    . . .     SeeInvis .   a - +6 great sword (elec)
rCold    . . .     Faith    .   (shield currently unavailable)
rNeg     . . .     Spirit   .   l - +0 plate armour
rPois    .         Reflect  .   q - +0 helmet
rElec    .         Harm     .   (no cloak)
rCorr    .         Rampage  .   (no gloves)
Will     .....                  (no boots)
Stlth    ..........             (no amulet)
HPRegen  0.20/turn              (no ring)
MPRegen  0.11/turn              (no ring)

@: no status effects
A: no striking features
a: no special abilities


You were on level 7 of the Dungeon.
You visited 1 branch of the dungeon, and saw 7 of its levels.

You collected 316 gold pieces.
You spent 181 gold pieces at shops.

Inventory:

Hand Weapons
 a - a +6 great sword of electrocution (weapon)
Missiles
 v - 12 poisoned darts (quivered)
Armour
 l - a +0 plate armour (worn)
 q - a +0 helmet (worn)
 y - the +5 kite shield "Teczac" {rElec Str+6 Int-3}
   (You found it on level 4 of the Dungeon)

   It affects your strength (+6).
   It affects your intelligence (-3).
   It insulates you from electricity.
Jewellery
 h - a cursed ring of attention {unknown}
 n - a cursed amulet of inaccuracy {unknown}
 o - an uncursed ring of fire {unknown}
 t - a cursed -4 ring of protection {unknown}
 G - a cursed -4 ring of strength {unknown}
Wands
 p - a wand of flame (44)
 w - a wand of disintegration (25)
 x - a wand of paralysis (9)
 E - a wand of acid (4)
 H - a wand of random effects (17)
Scrolls
 b - a scroll of random uselessness {unknown}
 c - 2 scrolls of immolation {unknown}
 e - 4 scrolls of remove curse
 f - 2 scrolls of magic mapping {unknown}
 g - 2 scrolls of teleportation {unknown}
 j - 2 scrolls of blinking {unknown}
 k - 7 scrolls of identify {unknown}
 m - 4 scrolls of fog {unknown}
 s - 2 scrolls of amnesia {unknown}
 C - a scroll of enchant armour
 F - a scroll of enchant weapon {unknown}
Potions
 d - 2 potions of curing
 i - 3 potions of magic {unknown}
 r - 4 potions of degeneration {unknown}
 u - a potion of flight
 z - a potion of haste {unknown}
 A - a potion of might {unknown}
 B - 3 potions of heal wounds {unknown}
 D - a potion of invisibility {unknown}
 I - a potion of mutation {unknown}


   Skills:
 - Level 2.0 Fighting
 * Level 11.7 Long Blades
 - Level 2.0 Throwing
 - Level 3.0 Dodging


You had 3 spell levels left.
You knew the following spells:

 Your Spells              Type           Power        Failure   Level
a - Blink                 Tloc           N/A          100%        2
b - Gell's Gravitas       Tloc           0%           100%        3

Your spell library contained the following spells:

 Spells                   Type           Power        Failure   Level
 Corona                   Hex            0%           100%        1
 Magic Dart               Conj           0%           100%        1
 Call Imp                 Summ           0%           100%        2
 Ensorcelled Hibernation  Hex/Ice        0%           100%        2
 Slow                     Hex            0%           100%        2
 Confusing Touch          Hex            0%           100%        3
 Conjure Flame            Conj/Fire      0%           100%        3
 Dazzling Flash           Conj/Hex       0%           100%        3
 Mephitic Cloud           Conj/Pois/Air  0%           100%        3
 Tukima's Dance           Hex            0%           100%        3
 Petrify                  Tmut/Erth      0%           100%        4
 Metabolic Englaciation   Hex/Ice        0%           100%        5
 Yara's Violent Unravell  Hex/Tmut       0%           100%        5


Dungeon Overview and Level Annotations

Branches:
Dungeon (7/15)
 Temple: D:4-7

Altars:
Gozag
Makhleb
Nemelex Xobeh
Qazlal
Trog
Uskayaw

Shops:
D:4 *   D:6 [


Message History

Aim: a hornet (almost dead, 43% to evade)
The bolt of acid misses the hornet.
You feel yourself speed up.
The hornet stings you but does no damage.
The orc hits you but does no damage. The hornet stings you.
* * * LOW HITPOINT WARNING * * *
You feel yourself slow down.
The orc warrior hits you with a +0 long sword!
* * * LOW HITPOINT WARNING * * *
The orc hits you but does no damage. The orc barely misses you.
Unknown command.
Unknown command.
Unknown command.
Unknown command.
Okay, then.
You feel better.
You feel yourself speed up. The hornet closely misses you.
The orc warrior hits you with a +0 long sword!
You die...

..........#
<........#
.......5###
..........###
......###...##
.....# ###..### .
....# ##..5†)###
... ...#
##....#.yo##O...!
#.# ##......##@oo#
##
##.....†.###oFo....
#.........# ##.....
#..........# #...
#..........# ..
##........## .
##....#### ######


You could see a hornet, an orc warrior, an ogre, a bullfrog, a shadow imp and 4
orcs.

Vanquished Creatures
  Sigmund (D:2)
  A necrophage (D:5)
  A phantom (D:7)
  7 ogres
  4 bullfrogs
  A scorpion (D:7)
  A howler monkey (D:4)
  2 orc priests
  An orc wizard (D:6)
  Natasha (thrice) (D:3)
  2 iguanas
  6 worker ants
  2 worker ant zombies
  Robin (D:2)
  9 adders
  A shadow imp (D:6)
  2 white imps
  An ufetubus (D:6)
  An ooze (D:7)
  2 worms (D:3)
  2 dart slugs
  5 leopard geckos
  10 orcs
  5 bats
  6 giant cockroaches
  10 goblins
  7 hobgoblins
  4 jackals (D:3)
  3 kobolds
  3 quokkas
  A ball python (D:5)
  2 frilled lizards
  A jackal skeleton (D:5)
  A quokka skeleton (D:4)
  6 rats
115 creatures vanquished.

Notes
Turn   | Place    | Note
-------+----------+-------------------------------------------
     0 | D:1      | Zeld the Human Gladiator began the quest for the Orb.
     0 | D:1      | Reached XP level 1. HP: 16/16 MP: 1/1
   216 | D:1      | Reached XP level 2. HP: 22/22 MP: 2/2
   926 | D:2      | Reached skill level 4 in Long Blades
   926 | D:2      | Reached XP level 3. HP: 27/27 MP: 3/3
   957 | D:2      | Noticed Sigmund
  3171 | D:2      | Killed Sigmund
  3172 | D:2      | Reached skill level 6 in Long Blades
  3172 | D:2      | Reached XP level 4. HP: 18/33 MP: 4/4
  3172 | D:2      | Reached XP level 5. HP: 21/38 MP: 5/5
  4012 | D:2      | Reached XP level 6. HP: 41/44 MP: 6/6
  4044 | D:2      | Noticed Robin
  4070 | D:2      | Killed Robin
  5088 | D:3      | Noticed Natasha
  5097 | D:3      | Killed Natasha
  5149 | D:3      | Noticed Natasha
  5157 | D:3      | Killed Natasha
  5158 | D:3      | Reached skill level 7 in Long Blades
  5201 | D:3      | You fall into a shaft and drop 1 floor!
  5210 | D:4      | Reached XP level 7. HP: 39/50 MP: 7/7
  5228 | D:3      | Noticed Natasha
  5488 | D:3      | Killed Natasha
  6455 | D:3      | Reached skill level 8 in Long Blades
  6696 | D:4      | Found Qyjeagef's General Store.
  6697 | D:4      | Found a stormy altar of Qazlal.
  6712 | D:4      | Bought a scroll of remove curse for 33 gold pieces
  6712 | D:4      | Bought a potion of curing for 33 gold pieces
  6712 | D:4      | Bought a potion of flight for 33 gold pieces
  6742 | D:4      | Found a burning altar of Makhleb.
  7172 | D:4      | Got a warped kite shield
  7178 | D:4      | Identified the +5 kite shield "Teczac" {rElec Str+6 Int-3}
                  | (You found it on level 4 of the Dungeon)
  7377 | D:4      | Bought a scroll of enchant armour for 82 gold pieces
  7403 | D:5      | Entered Level 5 of the Dungeon
  7430 | D:5      | Reached skill level 9 in Long Blades
  7430 | D:5      | Reached XP level 8. HP: 56/56 MP: 8/8
  8052 | D:5      | Found a bloodstained altar of Trog.
  8054 | D:5      | Found a hide-covered altar of Uskayaw.
  8434 | D:6      | Learned a level 2 spell: Blink
  8438 | D:6      | Learned a level 3 spell: Gell's Gravitas
  8626 | D:6      | Reached skill level 10 in Long Blades
  9047 | D:6      | Reached XP level 9. HP: 32/61 MP: 9/9
  9423 | D:6      | Reached skill level 11 in Long Blades
  9461 | D:6      | Found Xanampaq's Armour Emporium.
  9790 | D:6      | Found a sparkling altar of Nemelex Xobeh.
  9790 | D:6      | Found an opulent altar of Gozag.
  9935 | D:7      | Noticed a hornet
  9955 | D:7      | Mangled by an orc warrior

Illustrated notes

Levels and vault maps discovered:
D:1:      minmay_arrival_glassed_features, layout_loops_corners
D:2:      layout_basic, uniq_robin, uniq_sigmund
D:3:      layout_basic, uniq_natasha
D:4:      layout_basic, nicolae_qazlal_general_emergency, serial_shops, shop,
          serial_bayou_pond_b, bloody_makhleb
D:5:      layout_basic, chequers_temple_overflow_statue_of_worship
D:6:      layout_basic, grunt_temple_overflow_opulence,
          nicolae_overflow_hidden_temple, serial_shops, shop, st_stairs_5
D:7:      layout_cave_pods, minmay_temple_entry_proselytizer, serial_shops,
          shop_statue, uniq_pikel

Skill      XL: |  1  2  3  4  5  6  7  8  9 |
---------------+----------------------------+-----
Long Blades    | 4 6 7 9 10 11 | 11.7
Fighting       | |  2.0
Throwing       | |  2.0
Dodging        | |  3.0

Action                   |  1- 3 |  4- 6 |  7- 9 || total
-------------------------+-------+-------+-------++-------
Melee: Long sword        |    48 |   170 |   229 ||   447
       Great sword       |       |       |    22 ||    22
Throw: Throwing net      |     5 |       |       ||     5
Evoke: Wand              |       |       |     9 ||     9
  Use: Potion            |       |       |     1 ||     1
Armor: Leather armour    |     4 |       |       ||     4
       Plate armour      |    15 |   144 |   115 ||   274
Dodge: Dodged            |    23 |    41 |    48 ||   112
Block: Kite shield       |       |       |   104 ||   104
       Rpst.: Long sword |     4 |    16 |    12 ||    32
       Great sword       |       |       |     5 ||     5
